BSA
MADISON BOMBERS @ SEATTLE PIKES
09/13/2026
 
TOP OF THE 1ST
Madison Bombers batting - Pitching for Seattle Pikes : LHP David Hill
Pitching: LHP David Hill
Batting: RHB Guo-xiu Choi 0-0: Ground out 5-3 (Groundball, 56)
Batting: RHB Alonso Holguín 0-0: Called Strike
0-1: SINGLE (Line Drive, 78S)
Batting: RHB Vicente Aguirre 0-0: Ball
1-0: Called Strike
1-1: Grounds into double play, 4-6-3 (Groundball, 4)
Top of the 1st over - 0 run(s), 1 hit(s), 0 error(s), 0 left on base; Madison 0 - Seattle 0
BOTTOM OF THE 1ST
Seattle Pikes batting - Pitching for Madison Bombers : LHP Bill Moore
Pitching: LHP Bill Moore
Batting: RHB Randy Sheppard 0-0: Bunt missed!
0-1: Ball
1-1: Swinging Strike
1-2: Foul Ball, location: 2F
1-2: Foul Ball, location: 2F
1-2: Foul Ball, location: 2F
1-2: Foul Ball, location: 2F
1-2: Foul Ball, location: 2F
1-2: Foul Ball, location: 2F
1-2: Foul Ball, location: 2F
1-2: Foul Ball, location: 2F
1-2: Foul Ball, location: 2F
1-2: Ball
2-2: Fly out, F7 (Line Drive, 78M)
Batting: RHB António Ortega 0-0: Called Strike
0-1: Called Strike
0-2: Strikes out swinging
Batting: LHB Richard Hunter 0-0: Ball
1-0: Ball
2-0: Ball
3-0: Base on Balls
Batting: RHB Alfredo Rivera 0-0: Reached on error, E5 (Groundball, 5S)
Richard Hunter to second
Batting: RHB Manuel Rico 0-0: DOUBLE (Flyball, 78XD)
Richard Hunter scores
Alfredo Rivera to third
Batting: RHB Iván Gonzáles 0-0: Ball
1-0: Ball
2-0: Called Strike
2-1: SINGLE (Line Drive, 6MD)
Alfredo Rivera scores
Manuel Rico to third
Runner from 3rd tries for Home, SAFE, no throw or cutoff
Batting: RHB Wallace Greene 0-0: Ball
1-0: Called Strike
1-1: Fielders Choice at 2nd, 6-4 (Groundball, 6)
Bottom of the 1st over - 3 run(s), 2 hit(s), 1 error(s), 0 left on base; Madison 0 - Seattle 3
TOP OF THE 2ND
Madison Bombers batting - Pitching for Seattle Pikes : LHP David Hill
Batting: LHB Seung-chun Mun 0-0: Ball
1-0: Fly out, F4 (Popup, 4D)
Batting: RHB Sergio Márquez 0-0: Ball
1-0: Called Strike
1-1: Ball
2-1: Called Strike
2-2: DOUBLE (Flyball, 9LD)
Batting: LHB Mike Callahan 0-0: Swinging Strike
0-1: Called Strike
0-2: Strikes out swinging
Batting: LHB Sixto Cantú 0-0: SINGLE (Line Drive, 9LM)
Sergio Márquez to third
Runner from 3rd tries for Home, throw and OUT!
Top of the 2nd over - 0 run(s), 2 hit(s), 0 error(s), 1 left on base; Madison 0 - Seattle 3
BOTTOM OF THE 2ND
Seattle Pikes batting - Pitching for Madison Bombers : LHP Bill Moore
Batting: SHB António Hernández 0-0: Called Strike
0-1: Ground out 1-3 (Groundball, 13S)
Batting: RHB Kazushige Aoki 0-0: Called Strike
0-1: Foul Ball, location: 2F
0-2: Foul Ball, location: 2F
0-2: Ball
1-2: Ball
2-2: Ball
3-2: Foul Ball, location: 2F
3-2: Foul Ball, location: 2F
3-2: Base on Balls
Batting: RHB Randy Sheppard 0-0: Ball
1-0: Swinging Strike
1-1: Called Strike
1-2: Ball
2-2: Ball
3-2: Base on Balls
Kazushige Aoki to second
Batting: RHB António Ortega 0-0: Ground out 5-3 (Groundball, 5S)
Kazushige Aoki to third
Randy Sheppard to second
Batting: LHB Richard Hunter 0-0: Called Strike
0-1: Foul Ball, location: 2F
0-2: Ball
1-2: SINGLE (Groundball, 5D)
Kazushige Aoki scores
Randy Sheppard to third
Runner from 3rd tries for Home, throw and OUT!
Bottom of the 2nd over - 1 run(s), 1 hit(s), 0 error(s), 1 left on base; Madison 0 - Seattle 4
TOP OF THE 3RD
Madison Bombers batting - Pitching for Seattle Pikes : LHP David Hill
Batting: SHB Dave MacThomas 0-0: Fly out, F9 (Flyball, 9M)
Batting: RHB Quinton Martínez 0-0: Ground out 5-3 (Groundball, 56S)
Batting: RHB Guo-xiu Choi 0-0: Ball
1-0: Foul Ball, location: 2F
1-1: Called Strike
1-2: Foul Ball, location: 2F
1-2: SOLO HOME RUN (Line Drive, 7LD), Distance : 378 ft
Batting: RHB Alonso Holguín 0-0: Swinging Strike
0-1: Ball
1-1: Swinging Strike
1-2: Foul Ball, location: 2F
1-2: Ball
2-2: Ball
3-2: Strikes out swinging
Top of the 3rd over - 1 run(s), 1 hit(s), 0 error(s), 0 left on base; Madison 1 - Seattle 4
BOTTOM OF THE 3RD
Seattle Pikes batting - Pitching for Madison Bombers : LHP Bill Moore
Batting: RHB Alfredo Rivera 0-0: Ball
1-0: Swinging Strike
1-1: Ball
2-1: Swinging Strike
2-2: Foul Ball, location: 2F
2-2: Foul Ball, location: 2F
2-2: Ground out 5-3 (Groundball, 5)
Batting: RHB Manuel Rico 0-0: Swinging Strike
0-1: SOLO HOME RUN (Flyball, 8LXD), Distance : 430 ft
Batting: RHB Iván Gonzáles 0-0: Called Strike
0-1: Ground out 6-3 (Groundball, 6M)
Batting: RHB Wallace Greene 0-0: SINGLE (Groundball, 6MD)
Batting: SHB António Hernández 0-0: Ball
1-0: Ball
Wallace Greene steals 2nd base
2-0: Foul Ball, location: 2F
2-1: Fly out, F9 (Line Drive, 9D)
Bottom of the 3rd over - 1 run(s), 2 hit(s), 0 error(s), 1 left on base; Madison 1 - Seattle 5
TOP OF THE 4TH
Madison Bombers batting - Pitching for Seattle Pikes : LHP David Hill
Batting: RHB Vicente Aguirre 0-0: Ground out 4-3 (Groundball, 4)
Batting: LHB Seung-chun Mun 0-0: Ball
1-0: Foul Ball, location: 2F
1-1: Foul Ball, location: 2F
1-2: Ball
2-2: Foul Ball, location: 2F
2-2: Ball
3-2: Fly out, F9 (Flyball, 89M)
Batting: RHB Sergio Márquez 0-0: Foul Ball, location: 2F
0-1: Ball
1-1: SINGLE (Flyball, 8LS)
Batting: LHB Mike Callahan 0-0: Ball
1-0: Called Strike
1-1: Called Strike
1-2: Foul Ball, location: 2F
1-2: Ball
2-2: Foul Ball, location: 2F
2-2: Foul Ball, location: 2F
2-2: Strikes out swinging
Top of the 4th over - 0 run(s), 1 hit(s), 0 error(s), 1 left on base; Madison 1 - Seattle 5
BOTTOM OF THE 4TH
Seattle Pikes batting - Pitching for Madison Bombers : LHP Bill Moore
Batting: RHB Kazushige Aoki 0-0: Called Strike
0-1: Swinging Strike
0-2: Strikes out swinging
Batting: RHB Randy Sheppard 0-0: Called Strike
0-1: Fly out, F8 (Flyball, 8LXD)
Batting: RHB António Ortega 0-0: Ball
1-0: Swinging Strike
1-1: Foul Ball, location: 2F
1-2: Ball
2-2: Fly out, F9 (Flyball, 89S)
Bottom of the 4th over - 0 run(s), 0 hit(s), 0 error(s), 0 left on base; Madison 1 - Seattle 5
TOP OF THE 5TH
Madison Bombers batting - Pitching for Seattle Pikes : LHP David Hill
Batting: LHB Sixto Cantú 0-0: Ball
1-0: Foul Ball, location: 2F
1-1: Foul Ball, location: 2F
1-2: Strikes out swinging
Batting: SHB Dave MacThomas 0-0: Bunt for hit - play at first, batter OUT! 3-4
Batting: RHB Quinton Martínez 0-0: Ball
1-0: Foul Ball, location: 2F
1-1: DOUBLE (Line Drive, 7LS)
Batting: RHB Guo-xiu Choi 0-0: Ball
1-0: Ground out 6-3 (Groundball, 6)
Top of the 5th over - 0 run(s), 1 hit(s), 0 error(s), 1 left on base; Madison 1 - Seattle 5
BOTTOM OF THE 5TH
Seattle Pikes batting - Pitching for Madison Bombers : LHP Bill Moore
Batting: LHB Richard Hunter 0-0: Foul Ball, location: 2F
0-1: Ball
1-1: Ball
2-1: Ball
3-1: Swinging Strike
3-2: Strikes out swinging
Batting: RHB Alfredo Rivera 0-0: Called Strike
0-1: Ball
1-1: Foul Ball, location: 2F
1-2: Fly out, F8 (Flyball, 8LD)
Batting: RHB Manuel Rico 0-0: SINGLE (Groundball, 56) (infield hit)
Batting: RHB Iván Gonzáles 0-0: Called Strike
Manuel Rico is caught stealing 2nd base
Bottom of the 5th over - 0 run(s), 1 hit(s), 0 error(s), 0 left on base; Madison 1 - Seattle 5
TOP OF THE 6TH
Madison Bombers batting - Pitching for Seattle Pikes : LHP David Hill
Batting: RHB Alonso Holguín 0-0: Ball
1-0: Ball
2-0: Ball
3-0: Called Strike
3-1: Foul Ball, location: 2F
3-2: Base on Balls
Batting: RHB Vicente Aguirre 0-0: Called Strike
0-1: Foul Ball, location: 2F
0-2: Strikes out swinging
Batting: LHB Seung-chun Mun 0-0: Ball
1-0: Foul Ball, location: 2F
1-1: Foul Ball, location: 2F
1-2: Ball
2-2: Ball
3-2: Foul Ball, location: 2F
3-2: SINGLE (Groundball, 13) (infield hit)
Alonso Holguín to second
Batting: RHB Sergio Márquez 0-0: Called Strike
0-1: Swinging Strike
0-2: Foul Ball, location: 2F
0-2: Strikes out swinging
Batting: LHB Mike Callahan 0-0: Swinging Strike
0-1: Called Strike
0-2: Ball
1-2: Strikes out swinging
Top of the 6th over - 0 run(s), 1 hit(s), 0 error(s), 2 left on base; Madison 1 - Seattle 5
BOTTOM OF THE 6TH
Seattle Pikes batting - Pitching for Madison Bombers : LHP Bill Moore
Batting: RHB Iván Gonzáles 0-0: Ball
1-0: Fly out, F8 (Popup, 4D)
Batting: RHB Wallace Greene 0-0: Ground out 1-3 (Groundball, 15S)
Batting: SHB António Hernández 0-0: Ball
1-0: Foul Ball, location: 2F
1-1: Foul Ball, location: 2F
1-2: Ball
2-2: Strikes out looking
Bottom of the 6th over - 0 run(s), 0 hit(s), 0 error(s), 0 left on base; Madison 1 - Seattle 5
TOP OF THE 7TH
Madison Bombers batting - Pitching for Seattle Pikes : LHP David Hill
Pitching: RHP Thomas Hughes
Batting: LHB Sixto Cantú 0-0: Foul Ball, location: 2F
0-1: Swinging Strike
0-2: Ball
1-2: Strikes out swinging
Batting: SHB Dave MacThomas 0-0: Swinging Strike
0-1: Called Strike
0-2: Ball
1-2: Ball
2-2: Strikes out swinging
Batting: RHB Quinton Martínez 0-0: Foul Ball, location: 2F
0-1: SINGLE (Groundball, 5D)
Batting: RHB Guo-xiu Choi 0-0: Ball
1-0: Foul Ball, location: 2F
1-1: Called Strike
1-2: Strikes out swinging
Top of the 7th over - 0 run(s), 1 hit(s), 0 error(s), 1 left on base; Madison 1 - Seattle 5
BOTTOM OF THE 7TH
Seattle Pikes batting - Pitching for Madison Bombers : LHP Bill Moore
Pitching: RHP Arturo Leal
Batting: RHB Kazushige Aoki 0-0: Swinging Strike
0-1: Called Strike
0-2: Ball
1-2: Foul Ball, location: 2F
1-2: Ground out 6-3 (Groundball, 56)
Batting: RHB Randy Sheppard 0-0: Fly out, F4 (Popup, 4)
Batting: RHB António Ortega 0-0: Ball
1-0: Called Strike
1-1: Ball
2-1: Fly out, F7 (Flyball, 78D)
Bottom of the 7th over - 0 run(s), 0 hit(s), 0 error(s), 0 left on base; Madison 1 - Seattle 5
TOP OF THE 8TH
Madison Bombers batting - Pitching for Seattle Pikes : RHP Thomas Hughes
Batting: RHB Alonso Holguín 0-0: Ball
1-0: Ball
2-0: Ball
3-0: Base on Balls
Batting: RHB Vicente Aguirre 0-0: Ball
1-0: Called Strike
1-1: Ball
2-1: Called Strike
2-2: Ball
3-2: Ground out U3 (Groundball, 3)
Alonso Holguín to second
Batting: LHB Seung-chun Mun 0-0: Ball
1-0: Foul Ball, location: 2F
1-1: Foul Ball, location: 2F
1-2: Ball
2-2: Foul Ball, location: 2F
2-2: Ball
3-2: Fly out, F7 (Flyball, 78M)
Batting: RHB Sergio Márquez 0-0: Called Strike
0-1: Foul Ball, location: 2F
0-2: Strikes out swinging
Top of the 8th over - 0 run(s), 0 hit(s), 0 error(s), 1 left on base; Madison 1 - Seattle 5
BOTTOM OF THE 8TH
Seattle Pikes batting - Pitching for Madison Bombers : RHP Arturo Leal
Batting: LHB Richard Hunter 0-0: Ball
1-0: Ball
2-0: Ball
3-0: Called Strike
3-1: Called Strike
3-2: SINGLE (Groundball, 34D) (infield hit)
Batting: RHB Alfredo Rivera 0-0: Ball
1-0: Called Strike
1-1: Reached on error, E1 (Groundball, 23)
Richard Hunter to second
Batting: RHB Manuel Rico 0-0: Called Strike
0-1: Ball
1-1: Ball
2-1: Foul Ball, location: 2F
2-2: Foul Ball, location: 2F
2-2: Ball
3-2: Base on Balls
Richard Hunter to third
Alfredo Rivera to second
Batting: RHB Iván Gonzáles 0-0: Foul Ball, location: 2F
0-1: Ball
1-1: Swinging Strike
1-2: Strikes out swinging
Batting: RHB Wallace Greene 0-0: Fly out, F7 (Flyball, 78S)
Batting: SHB António Hernández 0-0: Called Strike
0-1: Ball
1-1: SINGLE (Line Drive, 6MD)
Richard Hunter scores
Alfredo Rivera to third
Manuel Rico to second
Runner from 3rd tries for Home, SAFE, no throw or cutoff
Batting: RHB Kazushige Aoki 0-0: Called Strike
0-1: DOUBLE (Line Drive, 7LM)
Manuel Rico scores
António Hernández to third
Runner from 3rd tries for Home, SAFE, no throw or cutoff
Pitching: RHP Soh Suzuki
Batting: RHB Randy Sheppard 0-0: Called Strike
0-1: Ball
1-1: SINGLE (Line Drive, 8RS)
Kazushige Aoki to third
Runner from 3rd tries for Home, SAFE, no throw or cutoff
Batting: RHB António Ortega 0-0: Ground out 1-3 (Groundball, 23)
Bottom of the 8th over - 5 run(s), 4 hit(s), 1 error(s), 1 left on base; Madison 1 - Seattle 10
TOP OF THE 9TH
Madison Bombers batting - Pitching for Seattle Pikes : RHP Thomas Hughes
Now at 3B: Rubén Díaz
Batting: LHB Mike Callahan 0-0: Ball
1-0: Swinging Strike
1-1: Ball
2-1: Foul Ball, location: 2F
2-2: Foul Ball, location: 2F
2-2: Strikes out looking
Batting: LHB Sixto Cantú 0-0: Called Strike
0-1: Swinging Strike
0-2: DOUBLE (Line Drive, 89D)
Batting: SHB Dave MacThomas 0-0: Swinging Strike
0-1: Ball
1-1: Swinging Strike
1-2: Ball
2-2: DOUBLE (Line Drive, 89XD)
Sixto Cantú scores
Batting: RHB Quinton Martínez 0-0: Ball
1-0: Fly out, F8 (Flyball, 8LS)
Batting: RHB Guo-xiu Choi 0-0: Called Strike
0-1: Ball
1-1: Ground out 6-3 (Groundball, 6)
Top of the 9th over - 1 run(s), 2 hit(s), 0 error(s), 1 left on base; Madison 2 - Seattle 10
Monday, December 5th, 2016 - OOTP Baseball 17.12 Build 75